 Dungeon Crawl Stone Soup version 0.17.1-1-g73c8601 (console) character file.

98 Kloppie the Poker (level 4, -7/57 HPs)
             Began as a Merfolk Berserker on Dec 18, 2015.
             Was a Believer of Trog.
             Killed by divine providence
             ... invoked by an orc priest
              (15 damage)
             ... on level 3 of the Dungeon.
             The game lasted 00:02:24 (1347 turns).

Kloppie the Poker (Merfolk Berserker)               Turns: 1347, Time: 00:02:24

Health: -7/57      AC:  3    Str: 22    XL:     4   Next: 71%
Magic:  4/4        EV: 13    Int:  6    God:    Trog [**....]
Gold:   64         SH:  0    Dex: 14    Spells: 0 memorised, 3 levels left

rFire  . . .     SeeInvis +     a - +0 spear
rCold  . . .     Clarity  .     b - +0 animal skin
rNeg   . . .     SustAt   .     (no shield)
rPois  .         Gourm    .     (no helmet)
rElec  .         Spirit   .     (no cloak)
rCorr  .         Warding  .     d - +0 pair of gloves
rMut   .         Stasis   .     (no boots)
MR     ++...                    (no amulet)
Stlth  ..........               (no ring)
                                h - ring of see invisible

@: berserking, regenerating, very quick, very resistant to hostile enchantments,
extremely unstealthy
A: change form in water, swift swim
a: Berserk, Trog's Hand, Burn Spellbooks, Renounce Religion


You were on level 3 of the Dungeon.
You worshipped Trog.
Trog was pleased with you.
You were hungry.

You visited 1 branch of the dungeon, and saw 3 of its levels.

You collected 64 gold pieces.

Inventory:

Hand Weapons
 a - a +0 spear (weapon)
Armour
 b - a +0 animal skin (worn)
 d - a +0 pair of gloves (worn)
Jewellery
 h - a ring of see invisible (left hand)
Scrolls
 f - 3 scrolls of identify {unknown}
 g - a scroll of magic mapping {unknown}
 i - 2 scrolls of enchant weapon {unknown}
 j - a scroll of random uselessness {unknown}
 m - a scroll of immolation {unknown}
 o - 2 scrolls of blinking {unknown}
 q - a scroll of enchant armour {unknown}
Potions
 e - 2 potions of heal wounds {unknown}
 l - a potion of might {unknown}
 p - a potion of degeneration {unknown}
 s - 2 potions of curing {unknown}
Comestibles
 c - 3 bread rations
 k - 19 fruits
 n - a royal jelly
 r - a chunk of flesh


   Skills:
 + Level 4.9 Fighting
 + Level 6.0 Polearms
 - Level 1.3 Armour
 - Level 2.6 Dodging


You had 3 spell levels left.
You didn't know any spells.

Dungeon Overview and Level Annotations

Branches:
Dungeon (3/15)

Altars:
Ashenzari
Makhleb

Annotations:
D:2 Sigmund


Message History

The orc priest is moderately wounded.
The orc priest invokes the aid of Beogh against you.
Pain shoots through your body!
* * * LOW HITPOINT WARNING * * *
You hit the orc priest but do no damage.
The orc priest is moderately wounded.
The orc priest barely misses you.
You hit the orc priest.
The orc priest is heavily wounded.
Your skin crawls.
You feel resistant to hostile enchantments.
You feel slightly more hungry.
The orc priest mumbles some strange prayers to Beogh against you.
You resist with almost no effort.
A red film seems to cover your vision as you go berserk!
You feel yourself moving faster!
You feel mighty!
You feel somewhat more hungry.
The orc priest calls down the wrath of Beogh upon you.
Something smites you!
You die...

#######.##
#...oo.o..
#o###.....
#@# .##
#.# #.#
#.# #.#
#.# #.# #.
#.# #. #.#
# #. ###
##


You could see an orc priest.

Vanquished Creatures
  A hound (D:2)
  2 adders (D:2)
  A worm (D:2)
  2 giant geckos
  3 orcs (D:3)
  7 bats
  A giant cockroach (D:1)
  6 hobgoblins
  2 jackals (D:1)
  6 kobolds (D:1)
  2 giant newts (D:1)
  3 goblins
  A quokka (D:2)
  3 rats
40 creatures vanquished.

Notes
Turn   | Place    | Note
--------------------------------------------------------------
     0 | D:1      | Kloppie the Merfolk Berserker began the quest for the Orb.
     0 | D:1      | Reached XP level 1. HP: 18/18 MP: 1/1
   106 | D:1      | Reached XP level 2. HP: 22/24 MP: 2/2
   301 | D:1      | Reached skill level 5 in Polearms
   602 | D:1      | Reached XP level 3. HP: 26/30 MP: 3/3
   655 | D:1      | Reached ** piety under Trog
   866 | D:2      | Found a shattered altar of Ashenzari.
  1041 | D:2      | Found a burning altar of Makhleb.
  1056 | D:2      | Reached XP level 4. HP: 24/38 MP: 4/4
  1220 | D:2      | Reached skill level 6 in Polearms
  1258 | D:2      | Noticed Sigmund
  1347 | D:3      | Killed from afar by an orc priest

Action                   |  1- 3 |  4- 6 || total
-------------------------+-------+-------++-------
Melee: Spear             |   127 |    55 ||   182
Invok: Berserk           |       |     1 ||     1
       Trog's Hand       |       |     1 ||     1
 Stab: Sleeping          |     4 |     1 ||     5
       Distracted        |     1 |       ||     1
  Eat: Chunk             |     1 |       ||     1
